 Dungeon Crawl Stone Soup version 0.29.0-4-gdea44cf6ec (webtiles) character file.

Game seed: 15563783505615613369

59733 qw the Brawler (level 14, -4/133 HPs)
             Began as a Troll Cinder Acolyte on Sept 1, 2022.
             Was an Elder of Okawaru.
             Slain by a 13-headed hydra (11 damage)
             ... on level 14 of the Dungeon.
             The game lasted 00:09:44 (17692 turns).

qw the Brawler (Troll Cinder Acolyte)              Turns: 17692, Time: 00:09:45

Health: -4/133     AC: 12    Str: 24    XL:     14   Next: 54%
Magic:  19/19      EV: 13    Int: 10    God:    Okawaru [****..]
Gold:   1844       SH: 18    Dex:  5    Spells: 15/15 levels left

rFire   . . .      SeeInvis +     - Unarmed
rCold   + . .      Faith    .   a - +2 kite shield {AC+3}
rNeg    . . .      Spirit   .   i - +0 troll leather armour
rPois   .          Reflect  +   (helmet restricted)
rElec   .          Harm     .   v - +1 cloak {Stlth+}
rCorr   +          Rampage  .   (gloves unavailable)
Will    +....                   (boots unavailable)
Stlth   +++.......              p - amulet of reflection
HPRegen 1.92/turn               b - ring "Yfoappig" {rC+ rCorr Str-5 SInv}
MPRegen 0.16/turn               e - +4 ring of evasion

@: about to teleport, heroic
A: large, unfitting armour, claws 3, regeneration 1, shaggy fur 1, tough skin 1
a: Renounce Religion, Heroism, Finesse


You were on level 14 of the Dungeon.
You worshipped Okawaru.
Okawaru was greatly pleased with you.
You visited 2 branches of the dungeon, and saw 19 of its levels.

You collected 2186 gold pieces.
You spent 342 gold pieces at shops.


Innate Abilities, Weirdness & Mutations

You are too large for most types of armour.
You have claws for hands.
Your natural rate of healing is unusually fast.
You are covered in fur. (AC +1)
You have tough skin. (AC +1)


   Skills:
 - Level 7.1(12.1) Fighting
 - Level 7.0(12.0) Throwing
 - Level 2.1(7.1) Armour
 - Level 2.0(7.0) Dodging
 - Level 11.5(16.5) Shields
 + Level 17.1(22.1) Unarmed Combat
 - Level 1.0 Spellcasting
 - Level 2.1 Fire Magic
 + Level 9.2 Invocations


You had 15 spell levels left.
You didn't know any spells.
Your spell library contained the following spells:

 Spells                   Type           Power      Damage    Failure   Level
 Scorch                   Fire           8%         2d5       34%         2

Inventory:

Missiles
 h - 5 large rocks (quivered)
 r - 8 boomerangs
 u - 7 javelins
Armour
 a - a +2 kite shield of protection (worn)
 i - a +0 troll leather armour (worn)
 j - a +2 robe of cold resistance
 v - a +1 cloak of stealth (worn)
Jewellery
 b - the ring "Yfoappig" (left claw) {rC+ rCorr Str-5 SInv}
   (You found it on level 7 of the Dungeon)

   [ring of protection from cold]

   Str:       It affects your strength (-5).
   rC:        It protects you from cold.
   SInv:      It lets you see invisible.
   rCorr:     It protects you from acid and corrosion.
 d - a ring of protection from cold
 e - a +4 ring of evasion (right claw)
 m - a ring of see invisible
 o - a ring of wizardry
 p - an amulet of reflection (around neck)
 t - a +6 ring of dexterity
Scrolls
 c - 3 scrolls of teleportation
 n - 14 scrolls of identify
Potions
 f - 13 potions of curing
 g - 2 potions of heal wounds
 k - 3 potions of might
 l - 5 potions of mutation
 s - 2 potions of haste

Dungeon Overview and Level Annotations

Branches:
Dungeon (14/15)            Temple (0/1) D:4            Lair (5/5) D:10
 Shoals (0/4) Lair:3       Spider (0/4) Lair:3        Slime (0/5) Lair:4
    Orc (0/2) D:10
 Vaults: D:13-14

Altars:
Ashenzari
Cheibriados
Elyvilon
Gozag
Hepliaklqana
Kikubaaqudgha
Makhleb
Nemelex Xobeh
Okawaru
Qazlal
Sif Muna
Trog
Vehumet
Wu Jian
Yredelemnul
The Shining One

Shops:
D:4 *   D:6 !   D:7 =*[*[

Annotations:
D:11 2 transporters, Piexesis's ghost, journeyman BaMo


Message History

The 11-headed hydra barely misses you.
The 11-headed hydra bites you but does no damage. x2
The 11-headed hydra bites you.
The 11-headed hydra bites you but does no damage.
The 11-headed hydra completely misses you.
The 11-headed hydra bites you! The 11-headed hydra closely misses you.
You block the 11-headed hydra's attack. x2
You tear one of the 11-headed hydra's heads off!
The ten-headed hydra grows two more!
You scratch the 12-headed hydra.
The 12-headed hydra is severely wounded.
You block the 12-headed hydra's attack. The 12-headed hydra bites you.
You block the 12-headed hydra's attack. The 12-headed hydra closely misses you.
You block the 12-headed hydra's attack.
The 12-headed hydra barely misses you. x2
The 12-headed hydra closely misses you. The 12-headed hydra bites you!
The 12-headed hydra bites you. You block the 12-headed hydra's attack.
The 12-headed hydra misses you.
You barely miss the 12-headed hydra.
The 12-headed hydra is severely wounded.
You rip one of the 12-headed hydra's heads off!
The 11-headed hydra grows two more!
You claw the 13-headed hydra!
The 13-headed hydra is heavily wounded.
The 13-headed hydra bites you but does no damage.
The 13-headed hydra barely misses you. The 13-headed hydra bites you. x2
You block the 13-headed hydra's attack. x2
The 13-headed hydra closely misses you.
The 13-headed hydra bites you but does no damage. x2
The 13-headed hydra closely misses you. The 13-headed hydra bites you.
The 13-headed hydra bites you but does no damage.
The 13-headed hydra barely misses you.
17692 ||| READING 4 scrolls of teleportation.
As you read the scroll of teleportation, it crumbles to dust.
You feel strangely unstable. You block the 13-headed hydra's attack.
The 13-headed hydra bites you!
The 13-headed hydra completely misses you.
The 13-headed hydra bites you!
You block the 13-headed hydra's attack. x2
The 13-headed hydra bites you.
The 13-headed hydra bites you but does no damage. x2
The 13-headed hydra barely misses you. The 13-headed hydra closely misses you.
The 13-headed hydra bites you. The 13-headed hydra bites you!
You die...

.#.....#..............~........#.
.#.....#.......##.........##.###.
.#.....#.......##.........[..#.#.
.......###.......................
.......#.........................
...............................#.
.....########................###.
.....#...D..#.##D....#...........
###..#.DC0RD#.##@...[######...###
..?..#(####.#.##..............#..
.....# #C#).#.....|####.####..
...?.# #.%..#.>....###...###..
.....# #....#............#....
.....# #....#......##.........
.....# #.#..#.......#....#..##
.....######.#..#............#....
...............#....##...........


You could see a 13-headed hydra.

Vanquished Creatures
  3 hydras
  5 boulder beetles
  Fannar (D:11)
  Erica (D:9)
  A centaur warrior (D:13)
  3 catoblepae (Lair:5)
  6 two-headed ogres
  7 death yaks (Lair:5)
  An iron troll (D:14)
  9 skeletal warriors
  A lindwurm (Lair:4)
  An orc knight (D:10)
  A deep elf pyromancer (D:10)
  A wolf spider (D:10)
  2 ugly things (D:13)
  6 manticores
  6 elephants
  3 cyclopes
  2 black mambas
  A torpor snail (Lair:5)
  11 cane toads
  2 gargoyles
  3 unseen horrors (D:11)
  An efreet (D:13)
  A rime drake (Lair:3)
  8 komodo dragons
  A freezing wraith (D:10)
  6 trolls
  A meliai (Lair:3)
  A polar bear (Lair:5)
  12 blink frogs
  8 dream sheep
  45 yaks
  4 wyverns
  5 shadows
  3 wraiths
  A vampire (D:13)
  10 fire elementals
  10 vampire mosquitoes
  A golden eye (shapeshifter) (D:14)
  5 basilisks
  2 acid dragons
  8 water moccasins
  8 orc warriors
  An ice beast (shapeshifter) (D:14)
  A sky beast (D:7)
  4 black bears
  An ice beast (D:8)
  3 ogres
  12 centaurs
  4 kobold brigands
  6 bullfrogs
  3 necrophages
  4 scorpions
  2 gnoll sergeants
  A wight (D:10)
  12 killer bees
  3 electric eels (Lair:3)
  6 howler monkeys
  3 hounds
  2 jellies
  3 gnoll boudas
  6 orc priests
  An iguana (D:4)
  13 orc wizards
  9 gnolls
  6 adders
  A white imp (D:6)
  An ufetubus (D:7)
  2 worms
  2 dart slugs
  24 orcs
  3 endoplasms
  3 giant cockroaches
  6 goblins
  8 hobgoblins
  2 quokkas
  7 ball pythons
  5 bats
  5 frilled lizards (D:2)
  18 kobolds
  3 rats
414 creatures vanquished.

Vanquished Creatures (others)
  14 fungi
  28 plants
42 creatures vanquished.

Grand Total: 456 creatures vanquished

Notes
Turn   | Place    | Note
-------+----------+-------------------------------------------
     0 | D:1      | qw the Troll Cinder Acolyte began the quest for the Orb.
     0 | D:1      | Reached XP level 1. HP: 22/22 MP: 1/1
     0 | D:1      | 0 ||| qw: Version: 0.1-a-97-g2dd2ca4
     0 | D:1      | 0 ||| qw: Game counter: 4701
     0 | D:1      | 0 ||| qw: Always use a shield: true
     0 | D:1      | 0 ||| qw: God list: Okawaru
     0 | D:1      | 0 ||| qw: Allow faded altars: false
     0 | D:1      | 0 ||| qw: Do Orc after D:15 true
     0 | D:1      | 0 ||| qw: Do second Lair branch before Depths: true
     0 | D:1      | 0 ||| qw: Lair rune preference: random
     0 | D:1      | 0 ||| qw: Plans: Normal
     0 | D:1      | 0 ||| PLANNING D:1-11
    93 | D:1      | Found a faded altar of an unknown god.
   604 | D:1      | Reached XP level 2. HP: 29/29 MP: 2/2
   801 | D:1      | 801 ||| DRINKING 2 green potions.
  1020 | D:2      | 1020 ||| Stepping ~*~*~tactically~*~*~ (hiding).
  1026 | D:2      | Reached skill level 4 in Unarmed Combat
  1172 | D:2      | 1172 ||| Stepping ~*~*~tactically~*~*~ (stealth).
  1186 | D:2      | Reached XP level 3. HP: 36/36 MP: 3/3
  1492 | D:2      | 1492 ||| UPGRADING to ring of protection from cold.
  1493 | D:2      | 1493 ||| READING scroll labelled IDAABAHEQY.
  1494 | D:2      | 1494 ||| READING 2 scrolls labelled QULEBY HYIPSO.
  1495 | D:2      | 1495 ||| READING scroll labelled OZEORI YCEB.
  1636 | D:3      | 1636 ||| Stepping ~*~*~tactically~*~*~ (outnumbered).
  1637 | D:3      | 1637 ||| Stepping ~*~*~tactically~*~*~ (outnumbered).
  1798 | D:3      | Reached skill level 5 in Unarmed Combat
  1798 | D:3      | Reached XP level 4. HP: 39/44 MP: 4/4
  1932 | D:3      | 1932 ||| UPGRADING to amulet of reflection.
  1937 | D:3      | 1937 ||| READING scroll labelled LUWNET RIHO.
  1938 | D:3      | 1938 ||| READING scroll labelled WEN RIOMAN SYKA.
  1939 | D:3      | 1939 ||| READING 2 scrolls of identify.
  1939 | D:3      | 1939 ||| IDENTIFYING smoky puce potion
  1940 | D:3      | 1940 ||| DROPPING potion of degeneration.
  1960 | D:4      | Noticed a scorpion
  1974 | D:4      | Killed a scorpion
  1975 | D:4      | Reached XP level 5. HP: 28/50 MP: 5/5
  1977 | D:4      | 1977 ||| FLEEEEING.
  1978 | D:4      | 1978 ||| STAIRDANCE
  2202 | D:4      | Found Gozag's Platinum Reserve.
  2203 | D:4      | Found an opulent altar of Gozag.
  2216 | D:4      | 2216 ||| SHOPLISTING ring "Dix Wopn" {Will+ Str+3} (3830
                  | gold, have 116).
  2256 | D:4      | Reached skill level 6 in Unarmed Combat
  2417 | D:4      | Reached XP level 6. HP: 39/59 MP: 6/6
  2467 | D:4      | 2467 ||| Stepping ~*~*~tactically~*~*~ (stealth).
  2481 | D:4      | Found a staircase to the Ecumenical Temple.
  2820 | D:4      | Reached skill level 7 in Unarmed Combat
  2888 | D:4      | 2888 ||| READING scroll labelled FOCKAUCETRA.
  2889 | D:4      | 2889 ||| READING scroll labelled JUTOETZYEV.
  2890 | D:4      | 2890 ||| READING scroll labelled SEWYCWACVE.
  2891 | D:4      | 2891 ||| DRINKING 2 glowing green potions.
  2892 | D:4      | 2892 ||| DRINKING 2 bubbling coppery potions.
  2893 | D:4      | 2893 ||| READING 4 scrolls of identify.
  2893 | D:4      | 2893 ||| IDENTIFYING ruby potion
  2894 | D:4      | 2894 ||| READING 3 scrolls of identify.
  2894 | D:4      | 2894 ||| IDENTIFYING viscous silvery potion
  2895 | D:4      | 2895 ||| READING 2 scrolls of identify.
  2895 | D:4      | 2895 ||| IDENTIFYING dark potion
  2896 | D:4      | 2896 ||| DROPPING potion of lignification.
  2897 | D:4      | 2897 ||| DROPPING potion of ambrosia.
  2934 | D:5      | Entered Level 5 of the Dungeon
  3001 | D:5      | Found a bloodstained altar of Trog.
  3037 | D:5      | Reached skill level 8 in Unarmed Combat
  3037 | D:5      | Reached XP level 7. HP: 66/66 MP: 7/7
  3111 | D:5      | Reached skill level 3 in Fighting
  3135 | D:5      | Found a stormy altar of Qazlal.
  3186 | D:5      | 3186 ||| FLEEEEING.
  3196 | D:5      | 3196 ||| Stepping ~*~*~tactically~*~*~ (hiding).
  3198 | D:5      | 3198 ||| INVOKING Fiery Armour.
  3207 | D:5      | 3207 ||| FLEEEEING.
  3208 | D:5      | 3208 ||| FLEEEEING.
  3210 | D:5      | 3210 ||| FLEEEEING.
  3211 | D:5      | 3211 ||| FLEEEEING.
  3212 | D:5      | 3212 ||| FLEEEEING.
  3213 | D:5      | 3213 ||| FLEEEEING.
  3214 | D:5      | 3214 ||| FLEEEEING.
  3215 | D:5      | 3215 ||| FLEEEEING.
  3216 | D:5      | 3216 ||| FLEEEEING.
  3217 | D:5      | 3217 ||| FLEEEEING.
  3218 | D:5      | 3218 ||| FLEEEEING.
  3219 | D:5      | 3219 ||| FLEEEEING.
  3220 | D:5      | 3220 ||| FLEEEEING.
  3221 | D:5      | 3221 ||| FLEEEEING.
  3222 | D:5      | 3222 ||| STAIRDANCE
  3237 | D:4      | 3237 ||| DROPPING amulet of regeneration.
  3241 | D:5      | 3241 ||| STAIRDANCE
  3318 | D:5      | Reached skill level 9 in Unarmed Combat
  3400 | D:5      | Found a shimmering blue altar of Sif Muna.
  3413 | D:5      | Found an ancient bone altar of Kikubaaqudgha.
  3417 | D:5      | Reached skill level 1 in Throwing
  3420 | D:5      | Found a radiant altar of Vehumet.
  3546 | D:5      | 3546 ||| DRINKING 3 viscous golden potions.
  3547 | D:5      | 3547 ||| DROPPING 2 potions of magic.
  3635 | D:6      | Reached skill level 1 in Dodging
  3635 | D:6      | Reached XP level 8. HP: 70/75 MP: 8/8
  3644 | D:6      | Found Cemyux's Distillery.
  3652 | D:6      | 3652 ||| Stepping ~*~*~tactically~*~*~ (stealth).
  3662 | D:6      | 3662 ||| Stepping ~*~*~tactically~*~*~ (stealth).
  3671 | D:6      | 3671 ||| INVOKING Fiery Armour.
  3728 | D:6      | 3728 ||| BUYING potion of curing (30 gold).
  3728 | D:6      | Bought a potion of curing for 30 gold pieces
  3728 | D:6      | 3728 ||| BUYING potion of mutation (80 gold).
  3728 | D:6      | Bought a potion of mutation for 80 gold pieces
  3757 | D:6      | 3757 ||| Stepping ~*~*~tactically~*~*~ (hiding).
  3759 | D:6      | 3759 ||| Stepping ~*~*~tactically~*~*~ (outnumbered).
  3760 | D:6      | 3760 ||| Stepping ~*~*~tactically~*~*~ (outnumbered).
  3765 | D:6      | 3765 ||| DRINKING 3 potions of curing.
  3765 | D:6      | 3765 ||| (to cure confusion)
  3766 | D:6      | 3766 ||| DRINKING 2 potions of curing.
  3766 | D:6      | 3766 ||| (to cure confusion)
  3770 | D:6      | Reached skill level 10 in Unarmed Combat
  3906 | D:6      | 3906 ||| Stepping ~*~*~tactically~*~*~ (outnumbered).
  3907 | D:6      | 3907 ||| Stepping ~*~*~tactically~*~*~ (outnumbered).
  3908 | D:6      | 3908 ||| Stepping ~*~*~tactically~*~*~ (outnumbered).
  3909 | D:6      | 3909 ||| Stepping ~*~*~tactically~*~*~ (outnumbered).
  3910 | D:6      | 3910 ||| Stepping ~*~*~tactically~*~*~ (outnumbered).
  3911 | D:6      | 3911 ||| Stepping ~*~*~tactically~*~*~ (outnumbered).
  3954 | D:6      | Found a sparkling altar of Nemelex Xobeh.
  3984 | D:6      | Found an iron altar of Okawaru.
  3990 | D:6      | Found a white marble altar of Elyvilon.
  4080 | D:6      | 4080 ||| Stepping ~*~*~tactically~*~*~ (hiding).
  4138 | D:6      | 4138 ||| Stepping ~*~*~tactically~*~*~ (stealth).
  4142 | D:6      | 4142 ||| Stepping ~*~*~tactically~*~*~ (stealth).
  4397 | D:6      | 4397 ||| UPGRADING to ring of protection from cold.
  4398 | D:6      | 4398 ||| UPGRADING to +4 ring of evasion.
  4400 | D:6      | 4400 ||| DROPPING ring of protection from cold.
  4401 | D:6      | 4401 ||| READING scroll labelled VOMUR KIXZOCUI.
  4438 | D:6      | 4438 ||| DRINKING 2 black potions.
  4439 | D:6      | 4439 ||| DROPPING potion of attraction.
  4528 | D:6      | 4528 ||| READING 3 scrolls of teleportation.
  4529 | D:6      | 4529 ||| STAIRDANCE
  4550 | D:7      | Identified the ring "Yfoappig" {rC+ rCorr Str-5 SInv}
  4589 | D:7      | Found a hazy altar of Hepliaklqana.
  4627 | D:7      | 4627 ||| Stepping ~*~*~tactically~*~*~ (stealth).
  4631 | D:7      | 4631 ||| Stepping ~*~*~tactically~*~*~ (stealth).
  4642 | D:7      | 4642 ||| Stepping ~*~*~tactically~*~*~ (stealth).
  4661 | D:7      | Found Toecoti's Armour Boutique.
  4664 | D:7      | 4664 ||| SHOPLISTING quicksilver dragon scales "Lunyov"
                  | {Will+ Str+3} (1026 gold, have 160).
  4681 | D:7      | Found Kufinupp's Armour Boutique.
  4694 | D:7      | Noticed a boulder beetle
  4695 | D:7      | 4695 ||| INVOKING Fiery Armour.
  4712 | D:7      | Killed a boulder beetle
  4713 | D:7      | Reached skill level 11 in Unarmed Combat
  4713 | D:7      | Reached XP level 9. HP: 23/84 MP: 9/9
  4713 | D:7      | 4713 ||| FLEEEEING.
  4714 | D:7      | 4714 ||| FLEEEEING.
  4715 | D:7      | 4715 ||| FLEEEEING.
  4716 | D:7      | 4716 ||| FLEEEEING.
  4717 | D:7      | 4717 ||| FLEEEEING.
  4718 | D:7      | 4718 ||| FLEEEEING.
  4719 | D:7      | 4719 ||| FLEEEEING.
  4720 | D:7      | 4720 ||| FLEEEEING.
  4721 | D:7      | 4721 ||| FLEEEEING.
  4722 | D:7      | 4722 ||| FLEEEEING.
  4723 | D:7      | 4723 ||| FLEEEEING.
  4724 | D:7      | 4724 ||| FLEEEEING.
  4728 | D:7      | 4728 ||| STAIRDANCE
  4771 | D:6      | 4771 ||| UPGRADING to ring "Yfoappig" {rC+ rCorr Str-5
                  | SInv}.
  4802 | D:7      | Reached skill level 12 in Unarmed Combat
  4804 | D:7      | Noticed a two-headed ogre
  4806 | D:7      | 4806 ||| Stepping ~*~*~tactically~*~*~ (stealth).
  4809 | D:7      | 4809 ||| Stepping ~*~*~tactically~*~*~ (stealth).
  4813 | D:7      | 4813 ||| INVOKING Fiery Armour.
  4815 | D:7      | HP: 21/84 [two-headed ogre/+0 dire flail (14)]
  4815 | D:7      | Killed a two-headed ogre
  4827 | D:7      | 4827 ||| Stepping ~*~*~tactically~*~*~ (stealth).
  4828 | D:7      | 4828 ||| Stepping ~*~*~tactically~*~*~ (stealth).
  4831 | D:7      | 4831 ||| Stepping ~*~*~tactically~*~*~ (stealth).
  4832 | D:7      | 4832 ||| Stepping ~*~*~tactically~*~*~ (stealth).
  4915 | D:7      | Found Ecvudi's Assorted Antiques.
  4924 | D:7      | 4924 ||| Stepping ~*~*~tactically~*~*~ (stealth).
  4925 | D:7      | 4925 ||| Stepping ~*~*~tactically~*~*~ (stealth).
  4926 | D:7      | 4926 ||| Stepping ~*~*~tactically~*~*~ (stealth).
  4927 | D:7      | 4927 ||| Stepping ~*~*~tactically~*~*~ (stealth).
  4928 | D:7      | 4928 ||| Stepping ~*~*~tactically~*~*~ (stealth).
  4939 | D:7      | 4939 ||| BUYING potion of curing (87 gold).
  4939 | D:7      | Bought a potion of curing for 87 gold pieces
  4939 | D:7      | 4939 ||| BUYING scroll labelled EMYPOS QILINKOPNI (29
                  | gold).
  4939 | D:7      | Bought a scroll labelled EMYPOS QILINKOPNI for 29 gold
                  | pieces
  4939 | D:7      | 4939 ||| SHOPLISTING scroll of identify (58 gold, have 44).
  4965 | D:7      | 4965 ||| Stepping ~*~*~tactically~*~*~ (hiding).
  4969 | D:7      | 4969 ||| Stepping ~*~*~tactically~*~*~ (outnumbered).
  4971 | D:7      | 4971 ||| Stepping ~*~*~tactically~*~*~ (outnumbered).
  5029 | D:7      | Found a snail-covered altar of Cheibriados.
  5147 | D:7      | You fall into a shaft and drop 1 floor!
  5187 | D:8      | 5187 ||| READING scroll labelled EMYPOS QILINKOPNI.
  5188 | D:8      | 5188 ||| READING scroll labelled NEICOWK CAMU.
  5289 | D:8      | 5289 ||| DRINKING 2 viscous cyan potions.
  5290 | D:8      | 5290 ||| READING 2 scrolls of identify.
  5290 | D:8      | 5290 ||| IDENTIFYING viscous orange potion
  5291 | D:8      | 5291 ||| DROPPING potion of flight.
  5344 | D:7      | Found Vukom's Jewellery Shop.
  5356 | D:7      | 5356 ||| SHOPLISTING ring "Papo" {rN+ Str+5} (412 gold,
                  | have 121).
  5356 | D:7      | 5356 ||| SHOPLISTING ring of fire (275 gold, have 121).
  5356 | D:7      | 5356 ||| SHOPLISTING ring of poison resistance (220 gold,
                  | have 121).
  5356 | D:7      | 5356 ||| SHOPLISTING ring of resist corrosion (220 gold,
                  | have 121).
  5377 | D:7      | Found Azije's Assorted Antiques.
  5380 | D:7      | 5380 ||| BUYING scroll labelled YWKATU HEGI (29 gold).
  5380 | D:7      | Bought a scroll labelled YWKATU HEGI for 29 gold pieces
  5380 | D:7      | 5380 ||| BUYING scroll of teleportation (87 gold).
  5380 | D:7      | Bought a scroll of teleportation for 87 gold pieces
  5401 | D:7      | Found a glowing golden altar of the Shining One.
  5467 | D:7      | 5467 ||| READING scroll labelled YWKATU HEGI.
  5468 | D:7      | 5468 ||| READING 3 scrolls of teleportation.
  5501 | D:6      | 5501 ||| READING 2 scrolls of teleportation.
  5583 | D:7      | 5583 ||| READING scroll of teleportation.
  5584 | D:7      | 5584 ||| STAIRDANCE
  5675 | D:8      | 5675 ||| Stepping ~*~*~tactically~*~*~ (hiding).
  5677 | D:8      | 5677 ||| Stepping ~*~*~tactically~*~*~ (hiding).
  5891 | D:8      | 5891 ||| Stepping ~*~*~tactically~*~*~ (outnumbered).
  5892 | D:8      | 5892 ||| Stepping ~*~*~tactically~*~*~ (outnumbered).
  5893 | D:8      | 5893 ||| STAIRDANCE
  5895 | D:7      | 5895 ||| Stepping ~*~*~tactically~*~*~ (outnumbered).
  5898 | D:7      | Reached skill level 13 in Unarmed Combat
  5902 | D:7      | Reached XP level 10. HP: 93/98 MP: 10/10
  5907 | D:7      | 5907 ||| DROPPING ring of flight.
  5908 | D:7      | 5908 ||| READING scroll labelled LENUCETUACA.
  6271 | D:8      | Found an ornate altar of the Wu Jian Council.
  6402 | D:9      | 6402 ||| Stepping ~*~*~tactically~*~*~ (stealth).
  6403 | D:9      | 6403 ||| Stepping ~*~*~tactically~*~*~ (stealth).
  6468 | D:9      | 6468 ||| Stepping ~*~*~tactically~*~*~ (stealth).
  6470 | D:9      | 6470 ||| Stepping ~*~*~tactically~*~*~ (hiding).
  6471 | D:9      | Noticed a two-headed ogre
  6472 | D:9      | 6472 ||| INVOKING Fiery Armour.
  6473 | D:9      | 6473 ||| Stepping ~*~*~tactically~*~*~ (outnumbered).
  6476 | D:9      | 6476 ||| Stepping ~*~*~tactically~*~*~ (outnumbered).
  6478 | D:9      | 6478 ||| Stepping ~*~*~tactically~*~*~ (outnumbered).
  6481 | D:9      | 6481 ||| Stepping ~*~*~tactically~*~*~ (outnumbered).
  6485 | D:9      | 6485 ||| Stepping ~*~*~tactically~*~*~ (outnumbered).
  6486 | D:9      | 6486 ||| DRINKING 6 potions of curing.
  6486 | D:9      | 6486 ||| (to cure confusion)
  6487 | D:9      | 6487 ||| Stepping ~*~*~tactically~*~*~ (hiding).
  6489 | D:9      | 6489 ||| Stepping ~*~*~tactically~*~*~ (hiding).
  6490 | D:9      | 6490 ||| Stepping ~*~*~tactically~*~*~ (hiding).
  6492 | D:9      | 6492 ||| Stepping ~*~*~tactically~*~*~ (hiding).
  6498 | D:9      | HP: 23/98 [two-headed ogre/+0 giant club (15)]
  6499 | D:9      | 6499 ||| READING 3 scrolls of teleportation.
  6500 | D:9      | 6500 ||| DRINKING 2 potions of heal wounds.
  6501 | D:9      | 6501 ||| DRINKING potion of heal wounds.
  6502 | D:9      | Killed a two-headed ogre
  6594 | D:9      | Noticed Erica
  6595 | D:9      | 6595 ||| Stepping ~*~*~tactically~*~*~ (hiding).
  6599 | D:9      | 6599 ||| INVOKING Fiery Armour.
  6607 | D:9      | Killed Erica
  6608 | D:9      | Reached skill level 14 in Unarmed Combat
  6625 | D:9      | 6625 ||| FLEEEEING.
  6626 | D:9      | 6626 ||| FLEEEEING.
  6629 | D:9      | 6629 ||| FLEEEEING.
  6630 | D:9      | 6630 ||| FLEEEEING.
  6631 | D:9      | 6631 ||| FLEEEEING.
  6632 | D:9      | 6632 ||| FLEEEEING.
  6634 | D:9      | 6634 ||| FLEEEEING.
  6635 | D:9      | 6635 ||| FLEEEEING.
  6636 | D:9      | 6636 ||| FLEEEEING.
  6637 | D:9      | 6637 ||| FLEEEEING.
  6638 | D:9      | 6638 ||| FLEEEEING.
  6640 | D:9      | 6640 ||| FLEEEEING.
  6642 | D:9      | 6642 ||| FLEEEEING.
  6643 | D:9      | 6643 ||| FLEEEEING.
  6644 | D:9      | 6644 ||| FLEEEEING.
  6645 | D:9      | 6645 ||| FLEEEEING.
  6646 | D:9      | 6646 ||| STAIRDANCE
  6656 | D:8      | 6656 ||| READING 2 scrolls of identify.
  6656 | D:8      | 6656 ||| IDENTIFYING fizzy green potion
  6657 | D:8      | 6657 ||| DROPPING potion of berserk rage.
  6748 | D:9      | 6748 ||| DRINKING 5 potions of curing.
  6748 | D:9      | 6748 ||| (to cure confusion)
  6749 | D:9      | 6749 ||| DRINKING 4 potions of curing.
  6749 | D:9      | 6749 ||| (to cure confusion)
  6816 | D:9      | Reached skill level 6 in Fighting
  6876 | D:9      | Noticed a two-headed ogre
  6884 | D:9      | Killed a two-headed ogre
  7057 | D:9      | Noticed a two-headed ogre
  7065 | D:9      | Killed a two-headed ogre
  7066 | D:9      | Reached skill level 15 in Unarmed Combat
  7098 | D:9      | 7098 ||| Stepping ~*~*~tactically~*~*~ (stealth).
  7101 | D:9      | 7101 ||| Stepping ~*~*~tactically~*~*~ (stealth).
  7120 | D:9      | 7120 ||| Stepping ~*~*~tactically~*~*~ (stealth).
  7155 | D:9      | 7155 ||| Stepping ~*~*~tactically~*~*~ (stealth).
  7164 | D:9      | 7164 ||| Stepping ~*~*~tactically~*~*~ (stealth).
  7165 | D:9      | 7165 ||| Stepping ~*~*~tactically~*~*~ (stealth).
  7226 | D:9      | 7226 ||| Stepping ~*~*~tactically~*~*~ (hiding).
  7227 | D:9      | 7227 ||| Stepping ~*~*~tactically~*~*~ (hiding).
  7353 | D:9      | Found a basalt altar of Yredelemnul.
  7521 | D:9      | Noticed a gargoyle
  7525 | D:9      | Killed a gargoyle
  7667 | D:10     | Entered Level 10 of the Dungeon
  7678 | D:10     | 7678 ||| STAIRDANCE
  7832 | D:10     | 7832 ||| Stepping ~*~*~tactically~*~*~ (stealth).
  7847 | D:10     | Found a staircase to the Orcish Mines.
  7851 | D:10     | 7851 ||| INVOKING Fiery Armour.
  7906 | D:10     | Identified the +4 hand axe of Desperation {flame, Fly rF++
                  | Will- Str+2}
  8168 | D:10     | Reached XP level 11. HP: 89/105 MP: 11/11
  8183 | D:10     | Found a broken altar of Ashenzari.
  8210 | D:10     | Found a burning altar of Makhleb.
  8301 | D:10     | 8301 ||| INVOKING Fiery Armour.
  8381 | D:10     | Found a staircase to the Lair.
  8586 | D:10     | 8586 ||| READING 2 scrolls of identify.
  8586 | D:10     | 8586 ||| IDENTIFYING silvery potion
  8587 | D:10     | 8587 ||| DROPPING potion of brilliance.
  8699 | D:10     | 8699 ||| READING 3 scrolls of teleportation.
  8700 | D:10     | 8700 ||| STAIRDANCE
  8714 | D:9      | 8714 ||| Stepping ~*~*~tactically~*~*~ (stealth).
  8715 | D:9      | 8715 ||| Stepping ~*~*~tactically~*~*~ (stealth).
  8745 | D:10     | 8745 ||| READING 2 scrolls of teleportation.
  8746 | D:10     | 8746 ||| STAIRDANCE
  8813 | D:11     | Noticed a two-headed ogre
  8814 | D:11     | Noticed Fannar
  8819 | D:11     | 8819 ||| Stepping ~*~*~tactically~*~*~ (outnumbered).
  8823 | D:11     | 8823 ||| Stepping ~*~*~tactically~*~*~ (outnumbered).
  8824 | D:11     | 8824 ||| Stepping ~*~*~tactically~*~*~ (outnumbered).
  8825 | D:11     | 8825 ||| Stepping ~*~*~tactically~*~*~ (outnumbered).
  8826 | D:11     | 8826 ||| Stepping ~*~*~tactically~*~*~ (outnumbered).
  8831 | D:11     | 8831 ||| Stepping ~*~*~tactically~*~*~ (outnumbered).
  8832 | D:11     | 8832 ||| Stepping ~*~*~tactically~*~*~ (outnumbered).
  8833 | D:11     | 8833 ||| Stepping ~*~*~tactically~*~*~ (outnumbered).
  8836 | D:11     | 8836 ||| Stepping ~*~*~tactically~*~*~ (outnumbered).
  8838 | D:11     | Killed Fannar
  8839 | D:11     | 8839 ||| INVOKING Fiery Armour.
  8839 | D:11     | HP: 25/105 [two-headed ogre/+0 giant club (6)]
  8840 | D:11     | 8840 ||| READING scroll of teleportation.
  8841 | D:11     | HP: 6/105 [two-headed ogre/+0 giant club (21)]
  8942 | D:11     | Reached skill level 16 in Unarmed Combat
  8958 | D:11     | 8958 ||| INVOKING Fiery Armour.
  8960 | D:11     | HP: 22/105 [manticore (10)]
  9074 | D:11     | 9074 ||| Stepping ~*~*~tactically~*~*~ (stealth).
  9082 | D:11     | Killed a two-headed ogre
  9149 | D:11     | 9149 ||| FLEEEEING.
  9150 | D:11     | 9150 ||| FLEEEEING.
  9151 | D:11     | 9151 ||| FLEEEEING.
  9153 | D:11     | 9153 ||| FLEEEEING.
  9154 | D:11     | 9154 ||| FLEEEEING.
  9155 | D:11     | 9155 ||| FLEEEEING.
  9156 | D:11     | 9156 ||| FLEEEEING.
  9157 | D:11     | 9157 ||| FLEEEEING.
  9158 | D:11     | 9158 ||| FLEEEEING.
  9159 | D:11     | 9159 ||| FLEEEEING.
  9160 | D:11     | 9160 ||| STAIRDANCE
  9211 | D:11     | 9211 ||| STAIRDANCE
  9240 | D:11     | Found a transporter.
  9246 | D:11     | Found a transporter.
  9249 | D:11     | Noticed Piexesis's ghost (journeyman BaMo)
  9647 | D:11     | 9647 ||| UPGRADING to +0 troll leather armour.
  9657 | D:11     | 9657 ||| DROPPING +0 robe.
  9687 | D:10     | Noticed a two-headed ogre
  9691 | D:10     | Killed a two-headed ogre
  9692 | D:10     | Reached skill level 3 in Throwing
  9736 | D:10     | Noticed a deep elf pyromancer
  9737 | D:10     | 9737 ||| Stepping ~*~*~tactically~*~*~ (stealth).
  9740 | D:10     | 9740 ||| INVOKING Fiery Armour.
  9748 | D:10     | Reached skill level 1 in Armour
  9748 | D:10     | 9748 ||| Stepping ~*~*~tactically~*~*~ (outnumbered).
  9769 | D:10     | Killed a deep elf pyromancer
  9790 | D:10     | 9790 ||| Stepping ~*~*~tactically~*~*~ (stealth).
  9792 | D:10     | 9792 ||| Stepping ~*~*~tactically~*~*~ (hiding).
  9794 | D:10     | Noticed a wolf spider
  9799 | D:10     | Killed a wolf spider
  9804 | D:10     | Noticed an orc knight
  9807 | D:10     | 9807 ||| Stepping ~*~*~tactically~*~*~ (outnumbered).
  9817 | D:10     | Killed an orc knight
  9820 | D:10     | Reached skill level 6 in Throwing
  9824 | D:10     | Reached XP level 12. HP: 63/118 MP: 12/12
  9962 | D:10     | Noticed a boulder beetle
  9963 | D:10     | 9963 ||| INVOKING Fiery Armour.
  9976 | D:10     | Killed a boulder beetle
 10002 | D:10     | 10002 ||| PLANNING CONVERSION TO OKAWARU
 10002 | D:10     | 10002 ||| UPGRADING to +2 kite shield of protection.
 10007 | D:10     | 10007 ||| READING 3 scrolls of teleportation.
 10078 | D:6      | Fell from the grace of Ignis
 10078 | D:6      | Became a worshipper of Warmaster Okawaru
 10079 | D:6      | 10079 ||| PLANNING LAIR
 10146 | Lair:1   | Entered Level 1 of the Lair of Beasts
 10183 | Lair:1   | Reached skill level 1 in Shields
 10283 | Lair:1   | Reached skill level 3 in Shields
 10299 | Lair:1   | Reached * piety under Okawaru
 10376 | Lair:1   | 10376 ||| INVOKING Heroism.
 10445 | Lair:1   | 10445 ||| INVOKING Heroism.
 10455 | Lair:1   | Reached skill level 1 in Invocations
 10461 | Lair:1   | 10461 ||| INVOKING Heroism.
 10474 | Lair:1   | 10474 ||| INVOKING Heroism.
 10503 | Lair:1   | 10503 ||| INVOKING Heroism.
 10711 | Lair:1   | 10711 ||| DROPPING amulet of guardian spirit.
 10712 | Lair:1   | 10712 ||| READING scroll labelled GIJOPS OLYROCW.
 10808 | Lair:2   | 10808 ||| INVOKING Heroism.
 11001 | Lair:2   | You fall into a shaft and drop 1 floor!
 11092 | Lair:2   | 11092 ||| INVOKING Heroism.
 11095 | Lair:2   | 11095 ||| Stepping ~*~*~tactically~*~*~ (outnumbered).
 11096 | Lair:2   | 11096 ||| Stepping ~*~*~tactically~*~*~ (outnumbered).
 11101 | Lair:2   | Reached skill level 3 in Invocations
 11105 | Lair:2   | 11105 ||| Stepping ~*~*~tactically~*~*~ (outnumbered).
 11106 | Lair:2   | 11106 ||| Stepping ~*~*~tactically~*~*~ (outnumbered).
 11107 | Lair:2   | 11107 ||| Stepping ~*~*~tactically~*~*~ (outnumbered).
 11108 | Lair:2   | 11108 ||| Stepping ~*~*~tactically~*~*~ (outnumbered).
 11123 | Lair:2   | 11123 ||| INVOKING Heroism.
 11168 | Lair:2   | 11168 ||| Stepping ~*~*~tactically~*~*~ (outnumbered).
 11169 | Lair:2   | 11169 ||| Stepping ~*~*~tactically~*~*~ (outnumbered).
 11170 | Lair:2   | 11170 ||| Stepping ~*~*~tactically~*~*~ (outnumbered).
 11171 | Lair:2   | 11171 ||| Stepping ~*~*~tactically~*~*~ (outnumbered).
 11437 | Lair:3   | 11437 ||| Stepping ~*~*~tactically~*~*~ (stealth).
 11442 | Lair:3   | 11442 ||| Stepping ~*~*~tactically~*~*~ (stealth).
 11444 | Lair:3   | 11444 ||| Stepping ~*~*~tactically~*~*~ (outnumbered).
 11445 | Lair:3   | 11445 ||| STAIRDANCE
 11447 | Lair:2   | 11447 ||| Stepping ~*~*~tactically~*~*~ (outnumbered).
 11452 | Lair:2   | Reached ** piety under Okawaru
 11478 | Lair:3   | 11478 ||| STAIRDANCE
 11490 | Lair:2   | Reached skill level 6 in Shields
 11492 | Lair:3   | 11492 ||| STAIRDANCE
 11501 | Lair:3   | 11501 ||| Stepping ~*~*~tactically~*~*~ (stealth).
 11503 | Lair:3   | 11503 ||| INVOKING Heroism.
 11542 | Lair:3   | 11542 ||| INVOKING Heroism.
 11543 | Lair:3   | 11543 ||| Stepping ~*~*~tactically~*~*~ (stealth).
 11560 | Lair:3   | Found a hole to the Spider Nest.
 11702 | Lair:3   | 11702 ||| INVOKING Heroism.
 11708 | Lair:3   | 11708 ||| Stepping ~*~*~tactically~*~*~ (outnumbered).
 11709 | Lair:3   | 11709 ||| Stepping ~*~*~tactically~*~*~ (outnumbered).
 11710 | Lair:3   | 11710 ||| Stepping ~*~*~tactically~*~*~ (outnumbered).
 11711 | Lair:3   | Reached *** piety under Okawaru
 11714 | Lair:3   | 11714 ||| Stepping ~*~*~tactically~*~*~ (outnumbered).
 11716 | Lair:3   | 11716 ||| Stepping ~*~*~tactically~*~*~ (outnumbered).
 11717 | Lair:3   | 11717 ||| Stepping ~*~*~tactically~*~*~ (outnumbered).
 11742 | Lair:3   | 11742 ||| FLEEEEING.
 11743 | Lair:3   | 11743 ||| FLEEEEING.
 11744 | Lair:3   | 11744 ||| FLEEEEING.
 12014 | Lair:3   | Found a staircase to the Shoals.
 12220 | Lair:3   | You fall into a shaft and drop 2 floors!
 12220 | Lair:5   | Entered Level 5 of the Lair of Beasts
 12220 | Lair:5   | Was forgiven by Ignis
 12221 | Lair:5   | 12221 ||| INVOKING Heroism.
 12254 | Lair:5   | Noticed a boulder beetle
 12255 | Lair:5   | 12255 ||| INVOKING Heroism.
 12265 | Lair:5   | Killed a boulder beetle
 12266 | Lair:5   | Reached XP level 13. HP: 124/124 MP: 13/15
 12325 | Lair:5   | 12325 ||| Stepping ~*~*~tactically~*~*~ (stealth).
 12336 | Lair:5   | 12336 ||| Stepping ~*~*~tactically~*~*~ (stealth).
 12340 | Lair:5   | 12340 ||| Stepping ~*~*~tactically~*~*~ (hiding).
 12342 | Lair:5   | 12342 ||| Stepping ~*~*~tactically~*~*~ (hiding).
 12358 | Lair:5   | 12358 ||| Stepping ~*~*~tactically~*~*~ (outnumbered).
 12359 | Lair:5   | 12359 ||| Stepping ~*~*~tactically~*~*~ (outnumbered).
 12360 | Lair:5   | 12360 ||| INVOKING Heroism.
 12361 | Lair:5   | 12361 ||| Stepping ~*~*~tactically~*~*~ (outnumbered).
 12364 | Lair:5   | 12364 ||| Stepping ~*~*~tactically~*~*~ (outnumbered).
 12370 | Lair:5   | 12370 ||| DRINKING potion of cancellation.
 12383 | Lair:5   | 12383 ||| INVOKING Heroism.
 12388 | Lair:5   | Reached skill level 9 in Shields
 12388 | Lair:5   | HP: 21/124 [death yak[a torpor snail] (17)]
 12389 | Lair:5   | 12389 ||| READING 4 scrolls of teleportation.
 12390 | Lair:5   | 12390 ||| DRINKING 5 potions of heal wounds.
 12432 | Lair:5   | 12432 ||| INVOKING Heroism.
 12465 | Lair:5   | Received a gift from Okawaru
 12474 | Lair:4   | 12474 ||| INVOKING Heroism.
 12480 | Lair:4   | 12480 ||| Stepping ~*~*~tactically~*~*~ (stealth).
 12481 | Lair:4   | 12481 ||| Stepping ~*~*~tactically~*~*~ (outnumbered).
 12485 | Lair:4   | 12485 ||| Stepping ~*~*~tactically~*~*~ (outnumbered).
 12491 | Lair:4   | 12491 ||| Stepping ~*~*~tactically~*~*~ (outnumbered).
 12492 | Lair:4   | 12492 ||| Stepping ~*~*~tactically~*~*~ (outnumbered).
 12493 | Lair:4   | 12493 ||| Stepping ~*~*~tactically~*~*~ (outnumbered).
 12494 | Lair:4   | 12494 ||| Stepping ~*~*~tactically~*~*~ (outnumbered).
 12495 | Lair:4   | 12495 ||| Stepping ~*~*~tactically~*~*~ (outnumbered).
 12496 | Lair:4   | 12496 ||| Stepping ~*~*~tactically~*~*~ (outnumbered).
 12497 | Lair:4   | 12497 ||| Stepping ~*~*~tactically~*~*~ (outnumbered).
 12498 | Lair:4   | 12498 ||| Stepping ~*~*~tactically~*~*~ (outnumbered).
 12499 | Lair:4   | 12499 ||| Stepping ~*~*~tactically~*~*~ (outnumbered).
 12500 | Lair:4   | 12500 ||| Stepping ~*~*~tactically~*~*~ (outnumbered).
 12501 | Lair:4   | 12501 ||| Stepping ~*~*~tactically~*~*~ (outnumbered).
 12502 | Lair:4   | 12502 ||| Stepping ~*~*~tactically~*~*~ (outnumbered).
 12503 | Lair:4   | 12503 ||| Stepping ~*~*~tactically~*~*~ (outnumbered).
 12577 | Lair:4   | 12577 ||| INVOKING Heroism.
 12621 | Lair:4   | 12621 ||| Stepping ~*~*~tactically~*~*~ (stealth).
 12627 | Lair:4   | 12627 ||| INVOKING Heroism.
 12670 | Lair:4   | 12670 ||| Stepping ~*~*~tactically~*~*~ (stealth).
 12672 | Lair:4   | 12672 ||| INVOKING Heroism.
 12673 | Lair:4   | 12673 ||| Stepping ~*~*~tactically~*~*~ (stealth).
 12693 | Lair:4   | 12693 ||| Stepping ~*~*~tactically~*~*~ (outnumbered).
 12694 | Lair:4   | 12694 ||| Stepping ~*~*~tactically~*~*~ (outnumbered).
 12695 | Lair:4   | 12695 ||| Stepping ~*~*~tactically~*~*~ (outnumbered).
 12696 | Lair:4   | 12696 ||| Stepping ~*~*~tactically~*~*~ (outnumbered).
 12697 | Lair:4   | 12697 ||| Stepping ~*~*~tactically~*~*~ (outnumbered).
 12698 | Lair:4   | 12698 ||| Stepping ~*~*~tactically~*~*~ (outnumbered).
 12708 | Lair:4   | Reached **** piety under Okawaru
 12816 | Lair:3   | 12816 ||| Stepping ~*~*~tactically~*~*~ (stealth).
 13106 | Lair:4   | Found the +7 captain's cutlass {speed, disarm}
 13224 | Lair:4   | Found a staircase to the Slime Pits.
 13260 | Lair:4   | 13260 ||| INVOKING Heroism.
 13283 | Lair:4   | 13283 ||| Stepping ~*~*~tactically~*~*~ (stealth).
 13284 | Lair:4   | 13284 ||| INVOKING Heroism.
 13299 | Lair:4   | 13299 ||| INVOKING Heroism.
 13327 | Lair:4   | 13327 ||| INVOKING Heroism.
 13406 | Lair:4   | 13406 ||| Stepping ~*~*~tactically~*~*~ (stealth).
 13407 | Lair:4   | 13407 ||| Stepping ~*~*~tactically~*~*~ (stealth).
 13450 | Lair:4   | 13450 ||| INVOKING Heroism.
 13564 | Lair:4   | 13564 ||| INVOKING Heroism.
 13735 | Lair:5   | 13735 ||| INVOKING Heroism.
 13799 | Lair:5   | 13799 ||| Stepping ~*~*~tactically~*~*~ (stealth).
 13801 | Lair:5   | 13801 ||| INVOKING Heroism.
 13809 | Lair:5   | 13809 ||| Stepping ~*~*~tactically~*~*~ (stealth).
 13905 | Lair:5   | 13905 ||| Stepping ~*~*~tactically~*~*~ (hiding).
 13907 | Lair:5   | 13907 ||| INVOKING Heroism.
 13910 | Lair:5   | 13910 ||| Stepping ~*~*~tactically~*~*~ (cloud).
 13911 | Lair:5   | 13911 ||| Stepping ~*~*~tactically~*~*~ (cloud).
 13949 | Lair:5   | 13949 ||| Stepping ~*~*~tactically~*~*~ (hiding).
 13952 | Lair:5   | 13952 ||| INVOKING Heroism.
 13954 | Lair:5   | 13954 ||| Stepping ~*~*~tactically~*~*~ (cloud).
 13959 | Lair:5   | 13959 ||| Stepping ~*~*~tactically~*~*~ (cloud).
 13961 | Lair:5   | 13961 ||| Stepping ~*~*~tactically~*~*~ (outnumbered).
 13963 | Lair:5   | 13963 ||| Stepping ~*~*~tactically~*~*~ (outnumbered).
 13965 | Lair:5   | 13965 ||| Stepping ~*~*~tactically~*~*~ (outnumbered).
 13967 | Lair:5   | 13967 ||| Stepping ~*~*~tactically~*~*~ (cloud).
 13969 | Lair:5   | 13969 ||| Stepping ~*~*~tactically~*~*~ (cloud).
 13970 | Lair:5   | 13970 ||| INVOKING Heroism.
 13972 | Lair:5   | 13972 ||| Stepping ~*~*~tactically~*~*~ (cloud).
 13974 | Lair:5   | 13974 ||| Stepping ~*~*~tactically~*~*~ (cloud).
 13979 | Lair:5   | 13979 ||| Stepping ~*~*~tactically~*~*~ (cloud).
 13982 | Lair:5   | HP: 31/124 [death yak (13)]
 13983 | Lair:5   | 13983 ||| READING 3 scrolls of teleportation.
 13983 | Lair:5   | HP: 13/124 [death yak (20)]
 13984 | Lair:5   | 13984 ||| DRINKING 4 potions of heal wounds.
 13985 | Lair:5   | 13985 ||| DRINKING 3 potions of heal wounds.
 14261 | Lair:5   | Found an ancient bone altar of Kikubaaqudgha.
 14262 | Lair:5   | 14262 ||| INVOKING Heroism.
 14272 | Lair:5   | Received a gift from Okawaru
 14273 | Lair:5   | Reached skill level 6 in Invocations
 14500 | Lair:5   | 14500 ||| Stepping ~*~*~tactically~*~*~ (stealth).
 14502 | Lair:5   | 14502 ||| Stepping ~*~*~tactically~*~*~ (stealth).
 14504 | Lair:5   | 14504 ||| INVOKING Heroism.
 14505 | Lair:5   | 14505 ||| Stepping ~*~*~tactically~*~*~ (stealth).
 14509 | Lair:5   | 14509 ||| Stepping ~*~*~tactically~*~*~ (outnumbered).
 14512 | Lair:5   | 14512 ||| Stepping ~*~*~tactically~*~*~ (outnumbered).
 14513 | Lair:5   | 14513 ||| Stepping ~*~*~tactically~*~*~ (outnumbered).
 14520 | Lair:5   | 14520 ||| Stepping ~*~*~tactically~*~*~ (outnumbered).
 14522 | Lair:5   | 14522 ||| Stepping ~*~*~tactically~*~*~ (outnumbered).
 14523 | Lair:5   | 14523 ||| Stepping ~*~*~tactically~*~*~ (outnumbered).
 14524 | Lair:5   | 14524 ||| Stepping ~*~*~tactically~*~*~ (outnumbered).
 14526 | Lair:5   | 14526 ||| INVOKING Heroism.
 14527 | Lair:5   | 14527 ||| Stepping ~*~*~tactically~*~*~ (outnumbered).
 14528 | Lair:5   | 14528 ||| Stepping ~*~*~tactically~*~*~ (outnumbered).
 14529 | Lair:5   | 14529 ||| Stepping ~*~*~tactically~*~*~ (outnumbered).
 14530 | Lair:5   | 14530 ||| Stepping ~*~*~tactically~*~*~ (outnumbered).
 14531 | Lair:5   | 14531 ||| Stepping ~*~*~tactically~*~*~ (outnumbered).
 14537 | Lair:5   | 14537 ||| Stepping ~*~*~tactically~*~*~ (outnumbered).
 14538 | Lair:5   | 14538 ||| Stepping ~*~*~tactically~*~*~ (outnumbered).
 14539 | Lair:5   | 14539 ||| Stepping ~*~*~tactically~*~*~ (outnumbered).
 14540 | Lair:5   | 14540 ||| Stepping ~*~*~tactically~*~*~ (outnumbered).
 14541 | Lair:5   | 14541 ||| Stepping ~*~*~tactically~*~*~ (outnumbered).
 14542 | Lair:5   | 14542 ||| Stepping ~*~*~tactically~*~*~ (outnumbered).
 14543 | Lair:5   | 14543 ||| Stepping ~*~*~tactically~*~*~ (outnumbered).
 14544 | Lair:5   | 14544 ||| Stepping ~*~*~tactically~*~*~ (outnumbered).
 14545 | Lair:5   | 14545 ||| Stepping ~*~*~tactically~*~*~ (outnumbered).
 14546 | Lair:5   | 14546 ||| Stepping ~*~*~tactically~*~*~ (outnumbered).
 14599 | Lair:5   | 14599 ||| INVOKING Heroism.
 14603 | Lair:5   | 14603 ||| Stepping ~*~*~tactically~*~*~ (cloud).
 14634 | Lair:5   | 14634 ||| INVOKING Heroism.
 14642 | Lair:5   | 14642 ||| Stepping ~*~*~tactically~*~*~ (outnumbered).
 14643 | Lair:5   | 14643 ||| Stepping ~*~*~tactically~*~*~ (outnumbered).
 14644 | Lair:5   | 14644 ||| Stepping ~*~*~tactically~*~*~ (outnumbered).
 14645 | Lair:5   | 14645 ||| Stepping ~*~*~tactically~*~*~ (outnumbered).
 14646 | Lair:5   | 14646 ||| Stepping ~*~*~tactically~*~*~ (outnumbered).
 14647 | Lair:5   | 14647 ||| Stepping ~*~*~tactically~*~*~ (outnumbered).
 14664 | Lair:5   | 14664 ||| INVOKING Heroism.
 14676 | Lair:5   | Reached ***** piety under Okawaru
 14682 | Lair:5   | Received a gift from Okawaru
 14724 | Lair:5   | 14724 ||| INVOKING Heroism.
 14725 | Lair:5   | 14725 ||| INVOKING Finesse.
 14737 | Lair:5   | Reached XP level 14. HP: 133/133 MP: 11/18
 14793 | Lair:5   | 14793 ||| INVOKING Heroism.
 14794 | Lair:5   | 14794 ||| INVOKING Finesse.
 14795 | Lair:5   | 14795 ||| Stepping ~*~*~tactically~*~*~ (cloud).
 14899 | Lair:5   | 14899 ||| PLANNING D
 14899 | Lair:5   | 14899 ||| UPGRADING to +0 cloak of stealth.
 14904 | Lair:5   | 14904 ||| READING scroll of enchant armour.
 14904 | Lair:5   | 14904 ||| ENCHANTING +0 cloak of stealth.
 14905 | Lair:5   | 14905 ||| DROPPING amulet of magic regeneration.
 14906 | Lair:5   | 14906 ||| DROPPING ring of resist corrosion.
 15081 | D:12     | 15081 ||| INVOKING Heroism.
 15134 | D:12     | 15134 ||| Stepping ~*~*~tactically~*~*~ (hiding).
 15238 | D:12     | 15238 ||| Stepping ~*~*~tactically~*~*~ (hiding).
 15342 | D:12     | 15342 ||| Stepping ~*~*~tactically~*~*~ (hiding).
 15444 | D:12     | 15444 ||| Stepping ~*~*~tactically~*~*~ (hiding).
 15538 | D:12     | 15538 ||| INVOKING Heroism.
 15717 | D:12     | 15717 ||| INVOKING Heroism.
 15819 | D:12     | 15819 ||| Stepping ~*~*~tactically~*~*~ (stealth).
 15821 | D:12     | 15821 ||| Stepping ~*~*~tactically~*~*~ (hiding).
 16125 | D:13     | 16125 ||| Stepping ~*~*~tactically~*~*~ (hiding).
 16142 | D:13     | 16142 ||| Stepping ~*~*~tactically~*~*~ (hiding).
 16150 | D:13     | 16150 ||| Stepping ~*~*~tactically~*~*~ (stealth).
 16180 | D:13     | Reached skill level 17 in Unarmed Combat
 16552 | D:13     | 16552 ||| Stepping ~*~*~tactically~*~*~ (stealth).
 16554 | D:13     | 16554 ||| Stepping ~*~*~tactically~*~*~ (stealth).
 16555 | D:13     | 16555 ||| INVOKING Heroism.
 16602 | D:13     | 16602 ||| INVOKING Heroism.
 17015 | D:14     | 17015 ||| Stepping ~*~*~tactically~*~*~ (stealth).
 17017 | D:14     | 17017 ||| Stepping ~*~*~tactically~*~*~ (stealth).
 17019 | D:14     | 17019 ||| Stepping ~*~*~tactically~*~*~ (stealth).
 17215 | D:14     | 17215 ||| Stepping ~*~*~tactically~*~*~ (stealth).
 17217 | D:14     | 17217 ||| Stepping ~*~*~tactically~*~*~ (stealth).
 17219 | D:14     | 17219 ||| INVOKING Heroism.
 17220 | D:14     | 17220 ||| Stepping ~*~*~tactically~*~*~ (stealth).
 17221 | D:14     | 17221 ||| Stepping ~*~*~tactically~*~*~ (outnumbered).
 17222 | D:14     | 17222 ||| Stepping ~*~*~tactically~*~*~ (outnumbered).
 17223 | D:14     | 17223 ||| Stepping ~*~*~tactically~*~*~ (outnumbered).
 17224 | D:14     | 17224 ||| Stepping ~*~*~tactically~*~*~ (outnumbered).
 17225 | D:14     | 17225 ||| Stepping ~*~*~tactically~*~*~ (outnumbered).
 17226 | D:14     | 17226 ||| Stepping ~*~*~tactically~*~*~ (outnumbered).
 17227 | D:14     | 17227 ||| Stepping ~*~*~tactically~*~*~ (outnumbered).
 17228 | D:14     | 17228 ||| Stepping ~*~*~tactically~*~*~ (outnumbered).
 17229 | D:14     | 17229 ||| Stepping ~*~*~tactically~*~*~ (outnumbered).
 17230 | D:14     | 17230 ||| Stepping ~*~*~tactically~*~*~ (outnumbered).
 17231 | D:14     | 17231 ||| Stepping ~*~*~tactically~*~*~ (outnumbered).
 17232 | D:14     | 17232 ||| Stepping ~*~*~tactically~*~*~ (outnumbered).
 17233 | D:14     | 17233 ||| Stepping ~*~*~tactically~*~*~ (outnumbered).
 17234 | D:14     | 17234 ||| Stepping ~*~*~tactically~*~*~ (outnumbered).
 17237 | D:14     | 17237 ||| Stepping ~*~*~tactically~*~*~ (outnumbered).
 17240 | D:14     | 17240 ||| Stepping ~*~*~tactically~*~*~ (outnumbered).
 17241 | D:14     | 17241 ||| Stepping ~*~*~tactically~*~*~ (outnumbered).
 17242 | D:14     | 17242 ||| Stepping ~*~*~tactically~*~*~ (outnumbered).
 17243 | D:14     | 17243 ||| Stepping ~*~*~tactically~*~*~ (outnumbered).
 17244 | D:14     | 17244 ||| Stepping ~*~*~tactically~*~*~ (outnumbered).
 17245 | D:14     | 17245 ||| Stepping ~*~*~tactically~*~*~ (outnumbered).
 17246 | D:14     | 17246 ||| Stepping ~*~*~tactically~*~*~ (outnumbered).
 17250 | D:14     | 17250 ||| INVOKING Heroism.
 17254 | D:14     | Reached skill level 9 in Invocations
 17303 | D:14     | 17303 ||| INVOKING Heroism.
 17586 | D:14     | Received a gift from Okawaru
 17601 | D:14     | 17601 ||| Stepping ~*~*~tactically~*~*~ (stealth).
 17602 | D:14     | 17602 ||| Stepping ~*~*~tactically~*~*~ (stealth).
 17604 | D:14     | 17604 ||| Stepping ~*~*~tactically~*~*~ (stealth).
 17608 | D:14     | 17608 ||| INVOKING Heroism.
 17614 | D:14     | HP: 30/133 [iron troll (28)]
 17615 | D:14     | 17615 ||| READING 5 scrolls of teleportation.
 17616 | D:14     | 17616 ||| DRINKING 3 potions of heal wounds.
 17675 | D:14     | 17675 ||| Stepping ~*~*~tactically~*~*~ (stealth).
 17677 | D:14     | 17677 ||| INVOKING Heroism.
 17691 | D:14     | HP: 31/133 [13-headed hydra (4)]
 17692 | D:14     | 17692 ||| READING 4 scrolls of teleportation.
 17692 | D:14     | HP: 11/133 [13-headed hydra (5)]
 17692 | D:14     | Slain by a 13-headed hydra

Levels and vault maps discovered:
D:1:      nzn_arrival_water_spiral, layout_loops_corners,
          shapermc_ecumenical_altar_rom_forum
D:2:      layout_loops_ring, minmay_tall_x
D:3:      layout_rooms, dk_noncrumbling_3
D:4:      layout_gridville, nicolae_gozag_zags_fifth_avenue,
          minmay_temple_entry_junction
D:5:      layout_rooms, palyth_temple_overflow_mages,
          nicolae_qazlal_scattered_showers,
          mainiacjoe_overflow_concentric_impassable
D:6:      layout_basic, nicolae_overflow_hidden_temple, serial_shops, shop
D:7:      layout_cave_pools, worldfamousw_hep_ancestral_shrine,
          kennysheep_slug_shrine, tso_oasis_becter, serial_shops,
          nicolae_shop_behind_doors, nicolae_shop_behind_doors, shop, shop,
          nicolae_shop_temple_entry_statues_fountains, st_stairs_10,
          minmay_manual_mail
D:8:      layout_rooms, nicolae_wu_jian_immortal_techniques,
          serial_corexii_hall, corexii_hall_statues_x, corexii_hall_statues_i,
          chequers_hall_statues_corner_a, chequers_hall_statues_y
D:9:      layout_basic, mainiacjoe_overflow_surrounded_room,
          minmay_stone_trees_medium, kennysheep_generic_room_14, uniq_erica
D:10:     minmay_klotski, layout_basic, jmf_multi_god_temple, dpeg_oklobed_lair,
          david_orc_2
D:11:     layout_big_octagon, gammafunk_ghost_hive, grunt_decor_mini_mirrors,
          minmay_misc_feat_tiny, minmay_misc_feat_room,
          chequers_serial_rivers_large_b, uniq_fannar
D:12:     layout_loops_cross
D:13:     layout_loops_ring, serial_rivers, chequers_serial_rivers_room_a,
          chequers_serial_rivers_room_b, chequers_serial_rivers_micro_d,
          chequers_serial_rivers_room_b
D:14:     layout_basic, david_vaults_4, dreamdust_wishing_well
Lair:1:   wander_river, layout_hall_layers
Lair:2:   layout_big_grid, infiniplex_staircase_pool_2, serial_bayou_shore_b
Lair:3:   layout_long_grid, elwin_shoals_entry_rocks,
          hellmonk_spider_entry_not_the_bees, serial_bayou_shore_a,
          grunt_megastairs_3, lemuel_fruit_tree
Lair:4:   layout_regular_city, slime_entry_1, beast_lair_carwin_9
Lair:5:   evilmike_catoblepas_cave, layout_regular_city, lemuel_centaur_altar,
          grunt_megastairs_4

Skill      XL: |  1  2  3  4  5  6  7  8  9 10 11 12 13 14 |
---------------+-------------------------------------------+-----
Unarmed Combat | 4 5 6 8 9 11 13 15 16 17 | 17.1
Fighting       | 3 4 5 6 7 |  7.1
Throwing       | 1 2 6 7 |  7.0
Dodging        | 1 2 |  2.0
Armour         | 1 2 |  2.1
Shields        | 8 11 | 11.5
Invocations    | 4 7 9 |  9.2
Spellcasting   | |  1.0
Fire Magic     | |  2.1

Action                   |  1- 3 |  4- 6 |  7- 9 | 10-12 | 13-15 || total
-------------------------+-------+-------+-------+-------+-------++-------
Melee: Unarmed           |    93 |    60 |   187 |   481 |   466 ||  1287
       Punch             |     3 |     2 |     5 |    18 |       ||    28
Throw: Boomerang         |    29 |    37 |    61 |    80 |    43 ||   250
       Large rock        |       |       |       |    59 |    39 ||    98
       Javelin           |       |       |       |       |     3 ||     3
Invok: Fiery Armour      |       |       |     4 |     8 |       ||    12
       Heroism           |       |       |       |    13 |    36 ||    49
       Finesse           |       |       |       |       |     2 ||     2
  Use: Potion            |     1 |     2 |     5 |     5 |     5 ||    18
       Scroll            |     3 |     9 |     9 |     9 |     5 ||    35
 Stab: Petrified         |       |       |       |       |     4 ||     4
Armor: Robe              |    24 |     5 |    39 |    23 |       ||    91
       Troll leather arm |       |       |       |    45 |    97 ||   142
Dodge: Dodged            |    40 |    17 |   101 |   167 |   132 ||   457
Block: Other             |       |     4 |    37 |    62 |       ||   103
       Reflection        |       |     1 |     4 |     4 |    20 ||    29
       Kite shield       |       |       |       |   103 |   298 ||   401

Table legend:
 A = Non-vault XP
 B = Vault XP
 C = Vault XP percentage of total XP
 D = Non-vault monster count
 E = Vault monster count
 F = Vault count percentage of total count
                 A         B        C        D         E       F
            +---------+---------+-------+---------+---------+-------
      Total |   53028 |   32305 |  37.9 |     304 |     100 |  24.8
            +---------+---------+-------+---------+---------+-------
        D:1 |      12 |       0 |   0.0 |       8 |       0 |   0.0
        D:2 |      25 |       9 |  26.5 |      16 |       4 |  20.0
        D:3 |      84 |       0 |   0.0 |      15 |       0 |   0.0
        D:4 |     333 |       0 |   0.0 |      18 |       0 |   0.0
        D:5 |     811 |     105 |  11.5 |      16 |       3 |  15.8
        D:6 |     926 |       0 |   0.0 |      19 |       0 |   0.0
        D:7 |     953 |    1940 |  67.1 |      20 |       6 |  23.1
        D:8 |     583 |       0 |   0.0 |      11 |       0 |   0.0
        D:9 |    4027 |     855 |  17.5 |      32 |       1 |   3.0
       D:10 |    1179 |    6303 |  84.2 |       7 |      25 |  78.1
       D:11 |    4159 |     860 |  17.1 |      16 |       1 |   5.9
       D:12 |    5752 |       0 |   0.0 |      17 |       0 |   0.0
       D:13 |    8036 |       0 |   0.0 |      19 |       0 |   0.0
       D:14 |    4747 |     960 |  16.8 |      11 |       2 |  15.4
     Lair:1 |    4714 |       0 |   0.0 |      18 |       0 |   0.0
     Lair:2 |    2846 |    1626 |  36.4 |      13 |       4 |  23.5
     Lair:3 |    3712 |    2156 |  36.7 |      17 |      10 |  37.0
     Lair:4 |    6220 |    2398 |  27.8 |      21 |       5 |  19.2
     Lair:5 |    3909 |   15093 |  79.4 |      10 |      39 |  79.6
            +---------+---------+-------+---------+---------+-------
